 Dungeon Crawl Stone Soup version 0.30.0-29-ga12c61a403 (webtiles) character file.

Game seed: 10142986886874641853

433 monsoonserge the Digger (level 7, -2/38 HPs)
             Began as a Gargoyle Earth Elementalist on June 18, 2023.
             Slain by an iguana (8 damage)
             ... on level 4 of the Dungeon.
             The game lasted 00:09:56 (2581 turns).

monsoonserge the Digger (GrEE)                      Turns: 2581, Time: 00:09:58

Health: -2/38      AC:  9    Str: 15    XL:     7   Next: 0%
Magic:  4/10       EV: 12    Int: 18    God:
Gold:   107        SH:  5    Dex: 13    Spells: 6/10 levels left

rFire   . . .        a - +7 long sword of Subjectivity {flame, Str+4 Dex+3}
rCold   . . .        (no shield)
rNeg    + . .        f - +0 leather armour
rPois   ∞            (no helmet)
rElec   +            (no cloak)
rCorr   .            (no gloves)
SInv    .            g - +0 pair of boots
Will    .....        t - amulet of reflection
Stlth   ++           n - ring of flight
HPRegen 0.26/turn    (no ring)
MPRegen 0.12/turn

%: reflection
@: flying
A: sickness immunity, AC +4, negative energy resistance 1, electricity
resistance, torment resistance 1, petrification resistance
a: no special abilities


You were on level 4 of the Dungeon.
You visited 1 branch of the dungeon, and saw 4 of its levels.

You collected 107 gold pieces.

Inventory:

Hand Weapons
 a - the +7 long sword of Subjectivity (weapon) {flame, Str+4 Dex+3}
   (You found it on level 3 of the Dungeon)

   Str:       It affects your strength (+4).
   Dex:       It affects your dexterity (+3).
 b - a +0 sling
Missiles
 c - 30 stones
Armour
 f - a +0 leather armour (worn)
 g - a +0 pair of boots (worn)
 h - a +0 ring mail
 i - a +0 robe
Magical Staves
 p - a staff of cold
Jewellery
 n - a ring of flight (left hand)
 t - an amulet of reflection (around neck)
Scrolls
 e - 5 scrolls of identify {unknown}
 o - a scroll of fear {unknown}
 r - a scroll of enchant weapon {unknown}
 s - a scroll of teleportation {unknown}
Potions
 d - 2 potions of magic
 j - 3 potions of heal wounds {unknown}
 k - a potion of curing {unknown}
 l - a potion of might {unknown}
 m - 3 potions of haste {unknown}
 q - a potion of attraction {unknown}
 u - a potion of brilliance {unknown}


   Skills:
 + Level 1.2 Fighting
 + Level 0.9 Long Blades
 - Level 0.3 Maces & Flails
 + Level 2.4 Ranged Weapons
 * Level 3.0 Armour
 + Level 1.9 Dodging
 + Level 2.7 Stealth
 + Level 0.2 Shields
 - Level 2.0 Spellcasting
 * Level 2.4 Conjurations
 - Level 0.7 Transmutations
 + Level 5.9 Earth Magic


You had 6 spell levels left.
You knew the following spells:

 Your Spells              Type           Power      Damage    Failure   Level
a - Sandblast             Erth           46%        2d11      1%          1
b - Stone Arrow           Conj/Erth      34%        3d9       12%         3

Your spell library contained the following spells:

 Spells                   Type           Power      Damage    Failure   Level
 Passwall                 Tmut/Erth      10%        N/A       9%          2
 Kiss of Death            Conj/Necr      24%        2d7       14%         1
 Petrify                  Tmut/Erth      13%        N/A       50%         4
 Confusing Touch          Hex            1%         N/A       54%         3
 Dispel Undead            Necr           1%         3d6       91%         4


Dungeon Overview and Level Annotations

Branches:
Dungeon (4/15)             Temple (0/1) D:4

Altars:
Zin

Annotations:
D:3 3 runed translucent doors, 0gre's ghost, amateur GnIE
D:4 Dowan


Innate Abilities, Weirdness & Mutations

You are immune to sickness and miasma.
Your stone body is resilient. (AC +4)
You are immune to poison.
You resist negative energy. (rN+)
You are resistant to electric shocks. (rElec)
You are resistant to unholy torment.
You are immune to petrification.


Message History

Dowan casts a spell.
Dowan blinks!
You closely miss Duvessa.
Duvessa is severely wounded.
Duvessa barely misses you. You block Duvessa's attack.
You hit Duvessa. You burn Duvessa.
Duvessa is almost dead.
Duvessa hits you with a +2 short sword of protection.
You hit Duvessa but do no damage.
Duvessa is almost dead.
Duvessa closely misses you.
You closely miss Duvessa.
Duvessa is almost dead.
Duvessa barely misses you.
Dowan gestures wildly while chanting.
Dowan blinks!
Duvessa hits you with a +2 short sword of protection!
You hit Duvessa but do no damage.
Duvessa is almost dead.
Duvessa hits you with a +2 short sword of protection!
* * * LOW HITPOINT WARNING * * *
Dowan says, "My weaknesses are her strengths!"
You barely miss Duvessa.
Duvessa is almost dead.
Duvessa hits you but does no damage. x2
You slash Duvessa! You burn Duvessa.
You kill Duvessa!
Dowan screams, "No!
No!"
Dowan seems to find hidden reserves of power!
Your Armour skill increases to level 3!
You have reached level 7!
Casting: Stone Arrow (dangerous; 12% risk of failure)
Confirm with . or Enter, or press ? or * to list all spells.
Aiming: Stone Arrow (dangerous; 12% risk of failure)
Press: ? - help, Shift-Dir - straight line, f/p - Dowan
Aim: Dowan, wielding a +0 dagger and wearing a +0 robe (fast, 56% to hit)
The stone arrow hits the iguana!
The iguana is almost dead.
The iguana bites you!
You die...

#.# #.#
#.#.#.#.# #.#
#.# #.>.#...
#.# #.#######
#.#.#.# #.#
#........
#.#..# #.#
#########
#...# #.# .e.
#.# #l# #.#
#@# #.# ##
##.####.# #.
#.......#
######.
#..######
#...... #..#
#.####. #..#
##.####. #..#
#.....#. #..#
#..##... #..#
#######..###..


You could see Dowan (fast) and an iguana.

Vanquished Creatures
  Duvessa (D:4)
  4 scorpions
  3 adders
  4 dart slugs
  5 endoplasms
  3 giant cockroaches
  6 goblins
  3 hobgoblins
  3 jackals (D:2)
  3 kobolds
  8 quokkas
  4 ball pythons
  6 bats
  2 frilled lizards
  2 rats
57 creatures vanquished.

Notes
Turn   | Place    | Note
-------+----------+-------------------------------------------
     0 | D:1      | monsoonserge the Gargoyle Earth Elementalist began the
                  | quest for the Orb.
     0 | D:1      | Reached XP level 1. HP: 10/10 MP: 3/3
   118 | D:1      | Reached skill level 4 in Earth Magic
   307 | D:1      | Reached XP level 2. HP: 15/15 MP: 3/5
   848 | D:2      | Reached XP level 3. HP: 7/19 MP: 1/6
   901 | D:2      | Learned a level 3 spell: Stone Arrow
  1338 | D:2      | Found a faded altar of an unknown god.
  1343 | D:2      | Reached skill level 5 in Earth Magic
  1562 | D:2      | Reached XP level 4. HP: 23/24 MP: 3/7
  1686 | D:2      | Found a glowing silver altar of Zin.
  1780 | D:3      | Noticed a scorpion
  1791 | D:3      | Killed a scorpion
  1792 | D:3      | Reached skill level 1 in Ranged Weapons
  1792 | D:3      | Reached skill level 1 in Armour
  1792 | D:3      | Reached skill level 1 in Conjurations
  1792 | D:3      | Reached XP level 5. HP: 14/28 MP: 1/8
  1919 | D:3      | Identified the +7 long sword of Subjectivity {flame, Str+4
                  | Dex+3}
  1920 | D:3      | Found a runed translucent gate.
  1920 | D:3      | Found a runed translucent gate.
  1920 | D:3      | Found a runed translucent gate.
  1920 | D:3      | Noticed 0gre's ghost (amateur GnIE)
  2513 | D:4      | Reached XP level 6. HP: 33/33 MP: 7/9
  2569 | D:4      | Reached skill level 1 in Fighting
  2569 | D:4      | Found a staircase to the Ecumenical Temple.
  2569 | D:4      | Noticed Duvessa
  2569 | D:4      | Noticed Dowan
  2580 | D:4      | Killed Duvessa
  2581 | D:4      | Reached XP level 7. HP: 5/38 MP: 7/10
  2581 | D:4      | Slain by an iguana

Illustrated notes

Levels and vault maps discovered:
D:1:      giann_bridges, layout_loops_ring
D:2:      layout_loops_cross, basic_altar, ebering_ecumenical_altar_webs
D:3:      layout_rooms, gammafunk_ghost_split, dk_noncrumbling_2,
          hangedman_decor_slide_cut
D:4:      layout_loops_ring, pdpol_wu_jian_five_deadly_venoms,
          amethyst_overflow_temple_binary, nicolae_hepliaklqana_hippocampus,
          minmay_temple_entry_grid, uniq_duvessa

Skill      XL: |  1  2  3  4  5  6 |
---------------+-------------------+-----
Earth Magic    | 4 5 |  5.9
Ranged Weapons | 1 2 |  2.4
Armour         | 1 2 3 |  3.0
Conjurations   | 1 2 |  2.4
Fighting       | 1 |  1.2
Long Blades    | |  0.9
Maces & Flails | |  0.3
Dodging        | |  1.9
Stealth        | |  2.7
Shields        | |  0.2
Spellcasting   | |  2.0
Transmutations | |  0.7

Action                     |  1- 3 |  4- 6 |  7- 9 || total
---------------------------+-------+-------+-------++-------
  Melee: Whip              |    14 |       |       ||    14
         Flail             |     5 |       |       ||     5
         Long sword        |       |    24 |       ||    24
   Fire: Sling             |    11 |    16 |       ||    27
   Cast: Sandblast         |    42 |    21 |       ||    63
         Stone Arrow       |       |     1 |     1 ||     2
   Stab: Sleeping          |     1 |       |       ||     1
 Armour: Leather armour    |    15 |    14 |       ||    29
  Dodge: Dodged            |    31 |    28 |       ||    59
  Block: Other             |       |     6 |       ||     6
         Reflection        |       |     3 |       ||     3
